Amaryllis, chaotic female human Rogue | -- ---- --- ...| ----.--.... | | ..---- ..... --.|......G-.--- .......^...- |*........G................ |G.......[.........h... |......G%...G... -...Gh.@G.| -.......G-- |.........| |.......--- --.--..-- -- |.. --- Amaryllis the Cutpurse Experience level: 3 Strength: 11 Dexterity: 14 Constitution: 14 Intelligence: 11 Wisdom: 10 Charisma: 14 Health: 0(29) Energy: 10(10) Def: 4 Gold: 75 Moves: 990 Dungeon seed: bBdku3BxDWLCLqb- Game ID: Amaryllis_1506234593 Your Inventory: Coins $ - 75 gold pieces Amulets p - a cursed amulet of change Weapons a - an uncursed corroded +0 short sword (weapon in hand) b - 5 uncursed +0 daggers (in quiver) A - 12 uncursed +0 magical darts Armor e - an uncursed +1 leather armor (being worn) n - an uncursed +0 small shield (being worn) Comestibles h - an uncursed food ration i - an uncursed tripe ration m - an uncursed lichen corpse w - an uncursed egg Scrolls q - an uncursed scroll of enchant weapon s - a blessed scroll of teleportation Potions c - 2 uncursed potions of sickness o - an uncursed potion of oil t - an uncursed potion of healing v - an uncursed potion of speed x - a blessed potion of oil z - a cursed potion of oil Rings j - an uncursed ring of conflict Wands k - an uncursed wand of fire (0:4) l - an uncursed wand of lightning (0:4) Tools d - an uncursed lock pick f - an uncursed oil lamp (0:1273) g - an uncursed sack u - an uncursed lock pick Spells and supernatural/magical abilities: Spells marked with '*' are forgotten. Spells marked with '!' are maintained. Spells marked with '#' are aliased with 'castalias'. Name Level Category Fail Memory W - pray for help -- divine ? -- Your skills at the end: Fighting Skills wands [Basic] Weapon Skills dagger [Basic] short sword [Basic] Spellcasting Skills Final Attributes: You were piously aligned. You were stealthy. You are dead. Vanquished creatures: a gnome lord a little dog a dwarf a green mold 6 gnomes 6 jackals a fox 2 grid bugs a lichen 2 newts 22 creatures vanquished. Voluntary challenges: You were an atheist. You used a wielded weapon 28 times, starting on turn 39. You were illiterate. You never genocided any monsters. You never polymorphed an object. You never changed form. You used no wishes. You never split a pudding. You never wrote Elbereth's name. You never violated your personal moral code. Dungeon overview: The Dungeons of Doom: levels 1 to 2 Level 1 some fountains a long staircase Level 2 a fountain stairs to The Gnomish Mines The Gnomish Mines: levels 3 to 4 Level 3 stairs to The Dungeons of Doom Level 4 <- You were here History has recorded: On T:1 you entered the Dungeons of Doom to retrieve the Amulet of Yendor! On T:335 you reached level 2 of The Dungeons of Doom. On T:685 you reached level 1 of The Gnomish Mines. On T:744 you advanced to experience level 2. On T:758 you advanced to experience level 3. On T:881 you reached level 2 of The Gnomish Mines. Score breakdown: Gold: 75 ( 6397 points) Experience: 3 levels ( 7878 points) Exploration: 4 levels ( 7.84%) ( 7348 points) Discoveries: 0 items ( 0.00%) ( 0 points) Valuables value: (no points given unless you survive) Artifact value: 0 ( 0 points) Variety of kills: 10 monsters ( 2.61%) ( 4847 points) Turncount: 990 turns ( 0 points) Survival: died (score multiplied by 80%) Total score: 21176 Latest messages: Never mind. You finish waiting. (2x) There is a staircase up here. There are a few objects here. The gnome king hits! There is a staircase up here. There are a few objects here. The gnome king hits! The gnome lord shoots a crossbow bolt! The crossbow bolt hits the gnome! The gnome is killed! The gnome hits! You miss the gnome king. The gnome lord shoots a crossbow bolt! You are hit by a crossbow bolt! You hit the gnome king. The gnome king just misses! The gnome hits! You miss the gnome king. The gnome king hits! The gnome lord shoots a crossbow bolt! You are almost hit by a crossbow bolt. You hit the gnome king. The gnome king hits! You die... Final status: Goodbye Amaryllis the Rogue, killed by a gnome king... You died in The Gnomish Mines on dungeon level 4 with 21176 points, and 75 pieces of gold, after 990 moves. You were level 3 with a maximum of 29 hit points when you died.